General information
- name: BNet
- type: Ladder team game (AT/RT)
- host: Battle.net
- saver: TALONSAREIMBA
map: CopperCanyon
- players: 6
- length: 31:16
- speed: Fast
- version: 1.24 W3XP
- replay type: Public
» download(329 KB)
Players
team 1 (winner)
CoLeGePaRtYeR17 (
blue | 111 APM | 3457 actions | 31:16)
6 Archmage
2 Summon Water Elemental
2 Brilliance Aura
2 Blizzard
4 Mountain King
2 Storm Bolt
2 Bash
» actions
| Assign group hotkey | 59 | |
| Basic commands | 243 | |
| Build / train | 76 | |
| ESC pressed | 9 | |
| Enter build submenu | 23 | |
| Enter hero's abilities submenu | 10 | |
| Right click | 1599 | |
| Select / deselect | 695 | |
| Select group hotkey | 620 | |
| Use ability | 122 | |
3457 total
» units
| Peasant | 13 | |
| Footman | 8 | |
| Sorceress | 6 | |
| Spell Breaker | 4 | |
| Priest | 5 | |
| Knight | 1 | |
37 total
» upgrades
| Defend | 1 | |
| Masonry | 2 | |
| Sorceress Training | 2 | |
| Magic Sentry | 1 | |
| Plating | 3 | |
| Lumber Harvesting | 1 | |
| Priest Training | 2 | |
| Animal War Training | 1 | |
13 total
» buildings
| Altar of Kings | 1 | |
| Barracks | 2 | |
| Farm | 8 | |
| Keep | 1 | |
| Arcane Vault | 1 | |
| Lumber Mill | 1 | |
| Scout Tower | 3 | |
| Arcane Sanctum | 2 | |
| Guard Tower | 1 | |
| Blacksmith | 1 | |
| Town Hall | 3 | |
| Castle | 1 | |
25 total
» build order
00:04 Altar of Kings
00:19 Barracks
00:33 Farm
00:48 Farm
02:10 Farm
02:50 Farm
03:48 Keep
03:56 Arcane Vault
03:59 Farm
04:16 Farm
05:12 Lumber Mill
05:45 Scout Tower
05:46 Scout Tower
05:48 Scout Tower
06:14 Arcane Sanctum
06:28 Arcane Sanctum
07:14 Guard Tower
09:07 Farm
11:47 Farm
12:20 Blacksmith
13:28 Town Hall
17:49 Town Hall
21:43 Castle
22:48 Barracks
25:01 Town Hall
» items
| Scroll of Regeneration | 1 | |
| Tome of Retraining | 1 | |
| Scroll of Town Portal | 2 | |
| Potion of Healing | 2 | |
6 total
TALONSAREIMBA (
purple | 119 APM | 3725 actions | 31:16)
7 Tauren Chieftain
3 War Stomp
3 Endurance Aura
1 Reincarnation
6 Shadow Hunter
3 Hex
2 Healing Wave
1 Big Bad Voodoo
» actions
| Assign group hotkey | 43 | |
| Basic commands | 275 | |
| Build / train | 101 | |
| ESC pressed | 7 | |
| Enter build submenu | 12 | |
| Enter hero's abilities submenu | 14 | |
| Right click | 1625 | |
| Select / deselect | 888 | |
| Select group hotkey | 637 | |
| Use ability | 123 | |
3725 total
» units
| Peon | 11 | |
| Troll Headhunter/Berserker | 30 | |
| Wind Rider | 10 | |
51 total
» upgrades
| Ranged Weapons | 3 | |
| Berserker Upgrade | 1 | |
| Armor | 3 | |
| Envenomed Spears | 1 | |
8 total
» buildings
| Altar of Storms | 1 | |
| Orc Burrow | 4 | |
| War Mill | 1 | |
| Barracks | 1 | |
| Voodoo Lounge | 1 | |
| Stronghold | 1 | |
| Fortress | 1 | |
| Great Hall | 2 | |
| Beastiary | 2 | |
14 total
» build order
00:04 Altar of Storms
00:07 Orc Burrow
00:25 War Mill
01:13 Barracks
01:52 Orc Burrow
02:38 Voodoo Lounge
04:33 Stronghold
04:53 Orc Burrow
07:03 Orc Burrow
08:03 Fortress
09:01 Great Hall
17:55 Great Hall
20:32 Beastiary
20:33 Beastiary
» items
| Healing Salve | 5 | |
| Scroll of Town Portal | 6 | |
| Scroll of Healing | 1 | |
| Lesser Clarity Potion | 9 | |
| Orb of Lightning | 1 | |
| Potion of Healing | 2 | |
| Potion of Mana | 1 | |
25 total

»
yeahshesassbats (
pink | 97 APM | 3033 actions | 31:16)
4 Tauren Chieftain
2 War Stomp
2 Endurance Aura
3 Pit Lord
2 Rain of Fire
1 Howl of Terror
» actions
| Assign group hotkey | 135 | |
| Basic commands | 12 | |
| Build / train | 70 | |
| ESC pressed | 1 | |
| Enter build submenu | 22 | |
| Enter hero's abilities submenu | 7 | |
| Give item / drop item | 2 | |
| Right click | 1152 | |
| Select / deselect | 528 | |
| Select group hotkey | 977 | |
| Use ability | 127 | |
3033 total
» units
| Peon | 8 | |
| Grunt | 12 | |
| Shaman | 10 | |
| Tauren | 11 | |
41 total
» upgrades
| Shaman Training | 2 | |
| Reinforced Defenses | 1 | |
| Pulverize | 1 | |
| Berserker Strength | 1 | |
| Armor | 1 | |
6 total
» buildings
| Altar of Storms | 2 | |
| Orc Burrow | 7 | |
| Barracks | 2 | |
| Voodoo Lounge | 2 | |
| Stronghold | 1 | |
| Spirit Lodge | 1 | |
| Fortress | 1 | |
| War Mill | 1 | |
| Tauren Totem | 3 | |
| Great Hall | 1 | |
21 total
» build order
00:06 Altar of Storms
00:09 Altar of Storms
00:28 Orc Burrow
01:10 Barracks
01:45 Orc Burrow
01:53 Voodoo Lounge
03:27 Orc Burrow
04:03 Stronghold
05:04 Barracks
05:16 Orc Burrow
08:17 Spirit Lodge
08:58 Fortress
09:02 War Mill
11:20 Tauren Totem
11:30 Voodoo Lounge
13:38 Tauren Totem
13:44 Orc Burrow
13:58 Tauren Totem
14:40 Orc Burrow
18:07 Orc Burrow
23:20 Great Hall
» items
| Lesser Clarity Potion | 3 | |
| Healing Salve | 1 | |
| Scroll of Speed | 1 | |
| Potion of Healing | 1 | |
| Potion of Mana | 1 | |
| Potion of Lesser Invulnerability | 1 | |
| Scroll of Town Portal | 2 | |
10 total
team 2 (loser)
Jew1shN1ggerrr (
teal | 183 APM | 5723 actions | 31:11)
4 Death Knight
2 Death Coil
1 Unholy Aura
1 Death Pact
3 Lich
2 Frost Nova
1 Dark Ritual
» actions
| Assign group hotkey | 77 | |
| Basic commands | 73 | |
| Build / train | 89 | |
| ESC pressed | 9 | |
| Enter build submenu | 17 | |
| Enter hero's abilities submenu | 7 | |
| Give item / drop item | 6 | |
| Right click | 2665 | |
| Select / deselect | 735 | |
| Select group hotkey | 1774 | |
| Use ability | 271 | |
5723 total
» units
| Acolyte | 5 | |
| Ghoul | 3 | |
| Crypt Fiend | 23 | |
| Obsidian Statue | 17 | |
48 total
» upgrades
| Creature Attack | 2 | |
| Burrow | 1 | |
| Destroyer Form | 1 | |
| Web | 1 | |
5 total
» buildings
| Crypt | 1 | |
| Graveyard | 1 | |
| Altar of Darkness | 1 | |
| Ziggurat | 9 | |
| Tomb of Relics | 1 | |
| Nerubian Tower | 2 | |
| Halls of the Dead | 2 | |
| Slaughterhouse | 1 | |
| Spirit Tower | 2 | |
| Black Citadel | 1 | |
21 total
» build order
00:03 Crypt
00:08 Graveyard
00:43 Altar of Darkness
01:06 Ziggurat
01:25 Ziggurat
01:39 Tomb of Relics
03:36 Nerubian Tower
04:27 Halls of the Dead
04:51 Ziggurat
05:09 Ziggurat
05:56 Nerubian Tower
07:52 Slaughterhouse
08:03 Spirit Tower
08:04 Spirit Tower
09:12 Ziggurat
10:55 Black Citadel
12:24 Ziggurat
17:59 Ziggurat
18:03 Ziggurat
18:05 Ziggurat
» items
| Rod of Necromancy | 5 | |
| Scroll of Town Portal | 3 | |
| Orb of Corruption | 1 | |
| Potion of Healing | 1 | |
10 total
JUIF (
yellow | 82 APM | 2549 actions | 31:15)
5 Death Knight
3 Death Coil
2 Unholy Aura
6 Lich
3 Frost Nova
2 Frost Armor
1 Death and Decay
» actions
| Assign group hotkey | 54 | |
| Basic commands | 1 | |
| Build / train | 84 | |
| ESC pressed | 1 | |
| Enter build submenu | 17 | |
| Enter hero's abilities submenu | 11 | |
| Give item / drop item | 6 | |
| Remove unit from queue | 1 | |
| Right click | 735 | |
| Select / deselect | 470 | |
| Select group hotkey | 928 | |
| Use ability | 241 | |
2549 total
» units
| Acolyte | 7 | |
| Ghoul | 2 | |
| Crypt Fiend | 16 | |
| Obsidian Statue | 8 | |
33 total
» upgrades
| Creature Attack | 1 | |
| Burrow | 1 | |
| Web | 1 | |
| Destroyer Form | 1 | |
| Creature Carapace | 1 | |
5 total
» buildings
| Crypt | 1 | |
| Graveyard | 1 | |
| Ziggurat | 9 | |
| Altar of Darkness | 1 | |
| Tomb of Relics | 1 | |
| Nerubian Tower | 1 | |
| Halls of the Dead | 2 | |
| Black Citadel | 1 | |
| Slaughterhouse | 2 | |
| Spirit Tower | 1 | |
20 total
» build order
00:06 Crypt
00:10 Graveyard
00:40 Ziggurat
00:56 Altar of Darkness
01:52 Tomb of Relics
01:59 Ziggurat
02:13 Nerubian Tower
03:30 Ziggurat
04:47 Halls of the Dead
04:47 Halls of the Dead
06:00 Ziggurat
07:46 Black Citadel
08:22 Slaughterhouse
09:08 Ziggurat
10:30 Slaughterhouse
12:47 Ziggurat
12:48 Ziggurat
16:53 Ziggurat
18:17 Spirit Tower
24:49 Ziggurat
» items
| Rod of Necromancy | 5 | |
| Dust of Appearance | 1 | |
| Scroll of Town Portal | 6 | |
| Potion of Healing | 8 | |
| Orb of Corruption | 1 | |
| Potion of Lesser Invulnerability | 2 | |
| Potion of Mana | 1 | |
| Scroll of Healing | 1 | |
| Lesser Clarity Potion | 1 | |
26 total
NEGGERR (
orange | 174 APM | 5453 actions | 31:15)
6 Priestess of the Moon
3 Trueshot Aura
2 Searing Arrows
1 Starfall
» actions
| Assign group hotkey | 1513 | |
| Basic commands | 129 | |
| Build / train | 106 | |
| ESC pressed | 2 | |
| Enter build submenu | 21 | |
| Enter hero's abilities submenu | 6 | |
| Give item / drop item | 1 | |
| Right click | 2758 | |
| Select / deselect | 641 | |
| Select group hotkey | 204 | |
| Use ability | 72 | |
5453 total
» units
» upgrades
» buildings
| Moon Well | 6 | |
| Altar of Elders | 3 | |
| Hunter's Hall | 1 | |
| Ancient of War | 3 | |
| Tree of Life | 3 | |
| Ancient of Wonders | 1 | |
17 total
» build order
00:07 Moon Well
00:10 Altar of Elders
02:01 Hunter's Hall
02:05 Ancient of War
02:08 Ancient of War
02:13 Moon Well
02:28 Moon Well
04:22 Moon Well
06:13 Moon Well
10:27 Ancient of War
14:17 Altar of Elders
14:18 Tree of Life
14:39 Altar of Elders
14:41 Tree of Life
16:05 Moon Well
18:20 Ancient of Wonders
20:56 Tree of Life
» items
| Scroll of Healing | 5 | |
| Scroll of Town Portal | 2 | |
| Potion of Lesser Invulnerability | 1 | |
8 total
Chat log
(00:14 / All) NEGGERR: hi gl hf
(00:19 / All) CoLeGePaRtYeR17: wtf
(00:20 / All) JUIF: hi
(00:21 / All) yeahshesassbats: shut up
(00:21 / All) Jew1shN1ggerrr: HI
(00:23 / All) CoLeGePaRtYeR17: stfu
(00:24 / All) JUIF: Hi
(00:26 / All) JUIF: bich
(00:27 / All) Jew1shN1ggerrr: GL
(00:29 / All) NEGGERR: GL
(00:30 / All) JUIF: gl
(00:48 / All) NEGGERR: manner plz ~~
(00:52 / All) CoLeGePaRtYeR17: no
(00:54 / All) CoLeGePaRtYeR17: stfu
(00:57 / All) JUIF: N
(00:58 / All) NEGGERR: why ?
(00:59 / All) JUIF: ?
(01:04 / All) CoLeGePaRtYeR17: because you freshmen
(01:08 / All) Jew1shN1ggerrr: ?
(01:09 / All) JUIF: negger creep plz
(01:09 / All) NEGGERR: your mom is
(01:15 / All) Jew1shN1ggerrr: your mom...
(01:23 / All) JUIF: Juif !
(01:27 / All) NEGGERR: :D
(01:37 / All) NEGGERR: we are us man
(01:38 / All) yeahshesassbats: I DIDNT EAT ALL DAY
(01:43 / All) JUIF: lol
(01:48 / All) JUIF: my sex
(02:11 / Allies) yeahshesassbats: im making an indie movie
(02:15 / Allies) yeahshesassbats: im casting soon
(02:16 / Allies) yeahshesassbats: talons
(02:19 / All) Jew1shN1ggerrr: dont like the taste of porc?
(02:25 / All) JUIF: stop dl porn
(02:42 / All) NEGGERR: omg TC
(02:44 / All) NEGGERR: ahahahahhaa
(02:46 / All) JUIF: )
(02:47 / All) yeahshesassbats: potm!
(02:48 / All) NEGGERR: negger tc
(03:04 / All) yeahshesassbats: DONT ABUSE THAT
(03:09 / All) JUIF: negge
(03:09 / All) yeahshesassbats: U AINT THAT GOOD
(03:13 / All) JUIF: negger
(03:16 / All) NEGGERR: noob stfu
(03:41 / All) NEGGERR: go creep plz
(03:45 / All) yeahshesassbats: nah
(03:55 / All) yeahshesassbats: ;D
(04:03 / All) NEGGERR: xD
(04:13 / All) yeahshesassbats: MY HU HAS EXPO UP ALRDY
(04:25 / All) JUIF: fu
(04:33 / All) NEGGERR: URE MOM IS IN MY BED
(21:37 / All) NEGGERR: judden
(21:44 / All) yeahshesassbats: ur double ud
(21:48 / All) yeahshesassbats: losing to orc
(25:04 / All) yeahshesassbats: sup bro
(30:09 / All) TALONSAREIMBA: so.bad
(30:52 / All) yeahshesassbats: subpar uds
(30:59 / All) yeahshesassbats: who only know c n click